 Dungeon Crawl Stone Soup version 0.30-a0-297-g0ec75d9ef4 (webtiles) character file.

Game seed: 5988927017821511454

1522 Caerun the Skirmisher (level 8, -7/40 HPs)
             Began as a Spriggan Hunter on Oct 19, 2022.
             Was a Follower of Okawaru.
             Mangled by a hornet (13 damage)
             ... on level 6 of the Dungeon.
             The game lasted 00:12:38 (5210 turns).

Caerun the Skirmisher (Spriggan Hunter)             Turns: 5210, Time: 00:12:39

Health: -7/40      AC:  3    Str:  9    XL:     8   Next: 54%
Magic:  0/19       EV: 20    Int: 11    God:    Okawaru [*.....]
Gold:   250        SH:  0    Dex: 18    Spells: 7/8 levels left

rFire   + . .      SeeInvis +    a - +0 shortbow
rCold   . . .      Faith    .    (shield currently unavailable)
rNeg    . . .      Spirit   +    A - +0 robe {rF+}
rPois   .          Reflect  .    (helmet restricted)
rElec   .          Harm     .    c - +0 cloak
rCorr   .          Rampage  .    (gloves unavailable)
Will    +....                    (boots unavailable)
Stlth   ++........               g - amulet of guardian spirit
HPRegen 0.26/turn                y - ring of magical power
MPRegen 0.16/turn                (no ring)

@: slowed, quick
A: very small, no large weapons, unfitting armour, see invisible, speed 3
a: Renounce Religion, Heroism


You were on level 6 of the Dungeon.
You worshipped Okawaru.
Okawaru was aware of your devotion.
You visited 2 branches of the dungeon, and saw 8 of its levels.

You collected 250 gold pieces.

Inventory:

Hand Weapons
 a - a +0 shortbow (weapon)
Armour
 c - a +0 cloak (worn)
 A - a +0 robe of fire resistance (worn)
Jewellery
 g - an amulet of guardian spirit (around neck)
 n - a ring of fire
 y - a ring of magical power (left hand)
 z - a ring of wizardry
Wands
 l - a wand of iceblast (9)
 m - a wand of light (8)
 E - a wand of flame (9)
Scrolls
 b - a scroll of immolation
 d - a scroll of teleportation {unknown}
 f - a scroll of silence {unknown}
 h - a scroll of amnesia {unknown}
 i - a scroll of blinking {unknown}
 k - 2 scrolls of enchant weapon {unknown}
 p - 3 scrolls of identify {unknown}
 q - 2 scrolls of enchant armour {unknown}
 r - a scroll of brand weapon {unknown}
 t - 2 scrolls of poison {unknown}
 x - a scroll of vulnerability {unknown}
 C - 3 scrolls of magic mapping {unknown}
 G - a scroll of noise {unknown}
Potions
 e - a potion of flight {unknown}
 j - 2 potions of mutation {unknown}
 o - 2 potions of curing
 s - 2 potions of ambrosia {unknown}
 u - a potion of heal wounds {unknown}
 v - a potion of brilliance {unknown}
 w - a potion of berserk rage {unknown}
 B - a potion of attraction {unknown}
 D - a potion of might {unknown}
 F - a potion of resistance {unknown}
 H - a potion of invisibility {unknown}


   Skills:
 + Level 3.5 Fighting
 + Level 10.0 Ranged Weapons
 * Level 5.4 Dodging
 + Level 2.5 Stealth
 + Level 0.8 Spellcasting
 + Level 0.8 Hexes


You had 7 spell levels left.
You knew the following spells:

 Your Spells              Type           Power      Damage    Failure   Level
a - Slow                  Hex            8%         N/A       24%         1

Your spell library contained the following spells:

 Spells                   Type           Power      Damage    Failure   Level
 Sublimation of Blood     Necr           0%         N/A       45%         2
 Wereblood                Tmut           0%         N/A       45%         2
 Confusing Touch          Hex            2%         N/A       56%         3
 Dazzling Flash           Conj/Hex       2%         N/A       63%         3
 Stone Arrow              Conj/Erth      0%         3d7       69%         3
 Vampiric Draining        Necr           0%         2d6       69%         3
 Vhi's Electric Charge    Tloc/Air       0%         N/A       69%         3
 Agony                    Necr           0%         N/A       100%        5
 Arcjolt                  Conj/Air       0%         1d10      100%        5
 Silence                  Hex/Air        0%         N/A       100%        5
 Lehudib's Crystal Spear  Conj/Erth      0%         10d2      100%        8
 Maxwell's Capacitive Co  Air            0%         ∞         100%        8
 Animate Armour           Summ/Erth      Unusable   N/A       N/A         4
 Summon Hydra             Summ           Unusable   N/A       N/A         7

Dungeon Overview and Level Annotations

Branches:
Dungeon (7/15)             Temple (1/1) D:4

Altars:
Elyvilon
Fedhas
Gozag
Kikubaaqudgha
Makhleb
Nemelex Xobeh
Okawaru
Qazlal
Ru
Sif Muna
Trog
Uskayaw
Vehumet
Wu Jian
Xom
Yredelemnul
The Shining One


Innate Abilities, Weirdness & Mutations

You are very small and have problems with some larger weapons.
You are too small for most types of armour.
You have supernaturally acute eyesight. (SInv)
You cover ground extremely quickly. (Speed+++)


Message History

The sky beast completely misses you.
You shoot an arrow. The arrow barely misses the sky beast.
The sky beast completely misses you.
You shoot an arrow. The arrow misses the sky beast.
The sky beast misses you.
You shoot an arrow. The arrow hits the sky beast.
You kill the sky beast!
Okawaru accepts your kill.
Your Ranged Weapons skill increases to level 10!
No target in view!
Magic restored.
There is a stone staircase leading down here.
You climb downwards.
The centaur misses you. The centaur completely misses you.
The centaur closely misses you. The centaur barely misses you.
The hornet stings you!
You are poisoned.
You feel yourself slow down.
The orc shouts!
There is a stone staircase leading up, spattered with blood here.
You feel very sick. The centaur misses you. The centaur closely misses you.
The hornet misses you. The hornet stings you!
You feel as though you will be slow longer.
The centaur misses you. x2; The hornet stings you!
* * * LOW HITPOINT WARNING * * *
You feel as though you will be slow longer.
The orc closely misses you. The centaur hits you.
* * * LOW HITPOINT WARNING * * *
The centaur kicks you.
* * * LOW HITPOINT WARNING * * *
You climb upwards.
* * * LOW HITPOINT WARNING * * *
You feel very sick.
There is a stone staircase leading down here.
It was a potion of curing.
You feel better. The centaur barely misses you. The centaur kicks you.
* * * LOW HITPOINT WARNING * * *
The hornet misses you. The centaur misses you. The centaur kicks you.
* * * LOW HITPOINT WARNING * * *
The hornet stings you!
You die...

.............#.............##....
####'##.....##........†.....#....
.....##.....##..............#....
.....#.......#)....##....[.##....
.....#.......'.....#######'######
.....#......######'##......##....
'######.....#.......#......#.....
.)....#.....'.......+......#.....
......#######..c@y..#......'.....
....................##########+##
............................#....
............................#....
............................+....
............................#....
......##'###########........##'##
......#............#.............
#######.....)......#.............


You could see a hornet and a centaur.

Vanquished Creatures
  A water moccasin (D:6)
  An ice beast (D:5)
  A sky beast (D:6)
  3 ogres
  A centaur (D:6)
  2 phantoms (D:4)
  A scorpion (D:4)
  2 necrophages
  A howler monkey (D:6)
  A jelly (D:4)
  2 hounds
  An orc priest (D:5)
  Jessica (D:2)
  Terence (D:2)
  An iguana (D:6)
  5 orc wizards
  11 adders
  2 worms
  2 dart slugs (D:1)
  15 orcs
  13 endoplasms
  4 giant cockroaches
  4 goblins
  8 hobgoblins
  3 quokkas
  8 ball pythons
  5 bats
  5 frilled lizards
  9 kobolds
  6 rats
120 creatures vanquished.

Notes
Turn   | Place    | Note
-------+----------+-------------------------------------------
     0 | D:1      | Caerun the Spriggan Hunter began the quest for the Orb.
     0 | D:1      | Reached XP level 1. HP: 10/10 MP: 2/2
   148 | D:1      | Reached XP level 2. HP: 14/14 MP: 3/3
   563 | D:1      | Reached XP level 3. HP: 18/18 MP: 4/4
   691 | D:1      | Reached skill level 5 in Ranged Weapons
   712 | D:1      | Learned a level 1 spell: Slow
   943 | D:2      | Noticed Terence
   963 | D:2      | Killed Terence
   964 | D:2      | Reached XP level 4. HP: 16/23 MP: 3/5
  1089 | D:2      | Found a faded altar of an unknown god.
  1298 | D:2      | Noticed Jessica
  1333 | D:2      | Killed Jessica
  1334 | D:2      | Reached skill level 6 in Ranged Weapons
  1334 | D:2      | Reached XP level 5. HP: 20/26 MP: 6/6
  1447 | D:2      | Found a stormy altar of Qazlal.
  2240 | D:4      | Reached skill level 7 in Ranged Weapons
  2240 | D:4      | Reached XP level 6. HP: 30/30 MP: 7/7
  2778 | D:4      | Found a basalt altar of Yredelemnul.
  3123 | D:4      | Found a staircase to the Ecumenical Temple.
  3132 | Temple   | Entered the Ecumenical Temple
  3368 | Temple   | Became a worshipper of Warmaster Okawaru
  3422 | D:5      | Entered Level 5 of the Dungeon
  3434 | D:5      | Reached XP level 7. HP: 35/35 MP: 8/8
  3485 | D:4      | Reached skill level 8 in Ranged Weapons
  3924 | D:5      | Reached * piety under Okawaru
  4001 | D:4      | Reached skill level 9 in Ranged Weapons
  4001 | D:4      | Reached XP level 8. HP: 35/40 MP: 9/9
  4712 | D:6      | Reached skill level 5 in Dodging
  5120 | D:7      | Noticed a hornet
  5144 | D:6      | Reached skill level 10 in Ranged Weapons
  5209 | D:6      | HP: 1/40 [poisoned by a hornet]
  5210 | D:6      | Mangled by a hornet

Illustrated notes

Levels and vault maps discovered:
D:1:      ncdulo_watergridlock, layout_basic, dk_noncrumbling_4,
          minmay_misc_feat_cross, hangedman_glass_teeth
D:2:      layout_rooms, basic_altar, ebering_ecumenical_altar_sacrificial,
          minmay_crystal_room, uniq_terence, uniq_jessica
D:3:      layout_rooms
D:4:      layout_loops_cross, lemuel_coloured_pillars_altar,
          minmay_temple_entry_statues, st_stairs_3
D:5:      layout_rooms
D:6:      layout_gridville
D:7:      layout_basic, grunt_dithmenos_smoke, minmay_misc_feat_square,
          grunt_ministairs_10
Temple:   regret_index_temple_sphere_string

Skill      XL: |  1  2  3  4  5  6  7  8 |
---------------+-------------------------+-----
Ranged Weapons | 5 6 7 9 10 | 10.0
Fighting       | 2 3 |  3.5
Stealth        | 2 |  2.5
Dodging        | 3 4 5 |  5.4
Spellcasting   | |  0.8
Hexes          | |  0.8

Action                   |  1- 3 |  4- 6 |  7- 9 || total
-------------------------+-------+-------+-------++-------
Melee: Shortbow          |       |     1 |       ||     1
 Fire: Shortbow          |    85 |   242 |   180 ||   507
 Cast: Slow              |       |       |     3 ||     3
Evoke: Wand              |       |       |     1 ||     1
  Use: Potion            |       |       |     1 ||     1
Armor: Robe              |     2 |     9 |     5 ||    16
Dodge: Dodged            |    15 |    62 |    77 ||   154

Table legend: (Time is in decaauts)
 A = Elapsed time spent in this place.
 B = Non-inter-level travel time spent in this place.
 C = Inter-level travel time spent in this place.
 D = Time resting spent in this place.
 E = Time spent auto-exploring this place.
 F = Levels seen in this place.
 G = Mean time per level.
                   A        B        C        D        E       F      G
               +--------+--------+--------+--------+--------+-----+--------+
         Total |   3656 |   3582 |     74 |     15 |   2197 |   8 |  457.0 |
       Dungeon |   3503 |   3439 |     64 |     15 |   2119 |   7 |  500.4 |
        Temple |    152 |    142 |     10 |      0 |     78 |   1 |  152.0 |
               +--------+--------+--------+--------+--------+-----+--------+

Top non-repeatable levels by time:
     D:4: 992 daAuts
     D:6: 693 daAuts
     D:1: 585 daAuts
     D:2: 473 daAuts
     D:5: 446 daAuts
     D:3: 308 daAuts
  Temple: 152 daAuts
     D:7: 4 daAuts
